 Dungeon Crawl Stone Soup version 0.24-a0-441-g27f0392e16 (webtiles) character file.

Game seed: 14374709211332336115

280 KristoblXynda the Slasher (level 6, -2/52 HPs)
             Began as a Draconian Gladiator on June 19, 2019.
             Was an Initiate of Fedhas.
             Slain by an orc wizard
             ... wielding a +0 dagger
              (3 damage)
             ... on level 4 of the Dungeon.
             The game lasted 00:03:45 (3225 turns).

KristoblXynda the Slasher (Draconian Gladiator)     Turns: 3225, Time: 00:03:45

Health: -2/52      AC:  6    Str: 16      XL:     6   Next: 5%
Magic:  7/7        EV: 18    Int: 11      God:    Fedhas [......]
Gold:   144        SH:  0    Dex: 11 (12) Spells: 5/5 levels left

rFire    . . .     SeeInvis .   a - +0 long sword
rCold    . . .     Gourm    .   (no shield)
rNeg     . . .     Faith    .   (armour unavailable)
rPois    .         Spirit   .   b - +0 hat
rElec    .         Reflect  .   t - scarf {repulsion}
rCorr    +         Harm     .   (no gloves)
MR       .....                  (no boots)
Stlth    +.........             (no amulet)
HPRegen  0.17/turn              f - +5 ring of evasion
MPRegen  0.10/turn              g - ring of resist corrosion

@: repel missiles
A: unfitting armour, cold-blooded, AC +6
a: Fungal Bloom, Renounce Religion


You were on level 4 of the Dungeon.
You worshipped Fedhas.
Fedhas was noncommittal.
You were not hungry.

You visited 1 branch of the dungeon, and saw 4 of its levels.

You collected 144 gold pieces.

Inventory:

Hand Weapons
 a - a +0 long sword (weapon)
Missiles
 c - 2 throwing nets (quivered)
Armour
 b - a +0 hat (worn)
 t - a scarf of repulsion (worn)
Jewellery
 f - a +5 ring of evasion (left hand)
 g - a ring of resist corrosion (right hand)
Wands
 p - a wand of digging (6)
Scrolls
 e - a scroll of blinking {unknown}
 h - 2 scrolls of noise {unknown}
 i - 2 scrolls of teleportation
 k - 3 scrolls of identify {unknown}
 n - 2 scrolls of magic mapping {unknown}
 q - 2 scrolls of enchant weapon {unknown}
 s - a scroll of amnesia {unknown}
 u - a scroll of remove curse {unknown}
Potions
 j - a potion of magic {unknown}
 l - a potion of might {unknown}
 m - a potion of lignification {unknown}
 o - a potion of invisibility {unknown}
 r - a potion of brilliance {unknown}
Comestibles
 d - 14 rations


   Skills:
 + Level 3.7 Fighting
 * Level 4.9 Long Blades
 - Level 2.0 Throwing
 + Level 3.7 Dodging
 + Level 2.1 Invocations


You had 5 spell levels left.
You didn't know any spells.
Your spell library was empty.

Dungeon Overview and Level Annotations

Branches:
Dungeon (4/15)             Temple (0/1) D:4

Altars:
Fedhas

Shops:
D:4 =


Innate Abilities, Weirdness & Mutations

Your plain brown scales are hard. (AC +6)
You cannot fit into any form of body armour.
You are cold-blooded and may be slowed by cold attacks.


Message History

You hear some strange, mumbled words.
A puff of frost appears from out of thin air!
The puff of frost hits you.
* * * LOW HITPOINT WARNING * * *
You closely miss something.
You hear some strange, mumbled words.
A puff of frost appears from out of thin air!
The puff of frost misses you. Something barely misses you.
You miss something. Something hits you but does no damage.
You hear some strange, mumbled words.
A puff of flame appears from out of thin air!
The puff of flame misses you.
You closely miss something.
You hear some strange, mumbled words.
A puff of frost appears from out of thin air!
The puff of frost hits you!
* * * LOW HITPOINT WARNING * * *
You miss something. Something hits you.
You die...
Fedhas appreciates your contribution to the ecosystem.

....# #.# #...#...# #####
#.# #####...# #.# #...#
###### #+##### #...# .....#
.....!. #...####### .....#
.<.....##.........# .....#
.....$..#..######.# ....[#
####†#..####.#
.....#####.##..)@{.......#.#
.....'.....##..............#
.....#####.##........#######
#...## #.##......#.#
#.#.######.##......#.#
#.#.........#......#.#
#.########..######.#.# #.#
#............#.# #.#
#......#######.#


There were no monsters in sight!

Vanquished Creatures
  A bullfrog (D:4)
  A scorpion (D:4)
  A howler monkey (D:4)
  An orc priest (D:4)
  4 adders (D:2)
  A dart slug (D:1)
  4 leopard geckos
  2 orcs (D:4)
  A ball python (D:2)
  5 giant cockroaches
  6 goblins
  8 hobgoblins
  7 bats
  4 frilled lizards
  7 kobolds
  8 rats
61 creatures vanquished.

Vanquished Creatures (others)
  16 toadstools
16 creatures vanquished.

Grand Total: 77 creatures vanquished

Notes
Turn   | Place    | Note
-------+----------+-------------------------------------------
     0 | D:1      | KristoblXynda the Draconian Gladiator began the quest for
                  | the Orb.
     0 | D:1      | Reached XP level 1. HP: 17/17 MP: 1/1
   166 | D:1      | Reached XP level 2. HP: 19/25 MP: 2/2
   379 | D:1      | Reached XP level 3. HP: 17/30 MP: 3/3
  1078 | D:2      | Found a blossoming altar of Fedhas.
  1144 | D:2      | Became a worshipper of Fedhas Madash
  1360 | D:2      | Reached skill level 4 in Long Blades
  1360 | D:2      | Reached XP level 4. HP: 31/38 MP: 4/4
  2435 | D:4      | Reached skill level 1 in Invocations
  2435 | D:4      | Reached XP level 5. HP: 5/45 MP: 5/5
  2737 | D:4      | Found Ryunku's Jewellery Boutique.
  3136 | D:4      | Found a staircase to the Ecumenical Temple.
  3213 | D:4      | Reached XP level 6. HP: 15/52 MP: 7/7
  3224 | D:4      | HP: 1/52 [something/puff of frost (9)]
  3225 | D:4      | Slain by an orc wizard

Levels and vault maps discovered:
D:1:      noname_arrival_rooms_in_the_neighbourhood, layout_basic
D:2:      layout_loops_corners, fedhas_altar_2, minivault_5
D:3:      layout_loops_ring, first_ration
D:4:      layout_basic, minmay_temple_entry_grid, kennysheep_windowed_goal

Skill      XL: |  1  2  3  4  5 |
---------------+----------------+-----
Throwing       | 2 |  2.0
Dodging        | 3 |  3.7
Fighting       | 3 |  3.7
Long Blades    | 4 |  4.9
Invocations    | 1 2 |  2.1

Action                   |  1- 3 |  4- 6 || total
-------------------------+-------+-------++-------
Melee: Long sword        |    86 |    82 ||   168
       Tailslap          |    13 |    15 ||    28
Throw: Throwing net      |       |     1 ||     1
Invok: Fungal Bloom      |     2 |     6 ||     8
  Use: Potion            |       |     2 ||     2
       Scroll            |       |     1 ||     1
 Stab: Sleeping          |     1 |       ||     1
       Distracted        |       |     1 ||     1
  Eat: Chunk             |     1 |       ||     1
       Ration            |       |     2 ||     2
Armor: Skin              |    25 |    16 ||    41
Dodge: Dodged            |    95 |    77 ||   172
       Deflected         |       |     1 ||     1
       Rpst.: Long sword |    34 |    17 ||    51

Table legend:
 A = Non-vault XP
 B = Vault XP
 C = Vault XP percentage of total XP
 D = Non-vault monster count
 E = Vault monster count
 F = Vault count percentage of total count
                 A         B        C        D         E       F
            +---------+---------+-------+---------+---------+-------
      Total |     346 |      54 |  13.5 |      59 |       2 |   3.3
            +---------+---------+-------+---------+---------+-------
        D:1 |      51 |       0 |   0.0 |      31 |       0 |   0.0
        D:2 |      68 |       0 |   0.0 |      14 |       0 |   0.0
        D:3 |       8 |       0 |   0.0 |       5 |       0 |   0.0
        D:4 |     219 |      54 |  19.8 |       9 |       2 |  18.2
            +---------+---------+-------+---------+---------+-------
